 Dungeon Crawl Stone Soup version 0.23-a0-167-gf92cf62f8f (webtiles) character file.

226 PikkenKukken the Skirmisher (level 5, 0/42 HPs)
             Began as a Demonspawn Fighter on Sept 11, 2018.
             Succumbed to a scorpion's poison
             ... on level 4 of the Dungeon.
             The game lasted 00:06:15 (4076 turns).

PikkenKukken the Skirmisher (Demonspawn Fighter)    Turns: 4076, Time: 00:06:15

Health: 0/42       AC:  9    Str: 16    XL:     5   Next: 69%
Magic:  5/5        EV:  4    Int:  9    God:
Gold:   175        SH:  9    Dex: 14    Spells: 4/4 levels left

rFire    . . .     SeeInvis .   a - +0 rapier
rCold    . . .     Gourm    .   c - +0 shield
rNeg     . . .     Faith    .   o - +0 chain mail
rPois    .         Spirit   .   (helmet restricted)
rElec    .         Reflect  .   (no cloak)
rCorr    .         Harm     .   (no gloves)
MR       .....                  (no boots)
Stlth    ..........             (no amulet)
HPRegen  0.14/turn              (no ring)
MPRegen  0.09/turn              (no ring)

@: lethally poisoned (0 -> -17), drained
A: antennae 1, nightstalker 1, powered by death 1
a: no special abilities


You were on level 4 of the Dungeon.
You were hungry.

You visited 1 branch of the dungeon, and saw 4 of its levels.

You collected 175 gold pieces.

Inventory:

Hand Weapons
 a - a +0 rapier (weapon)
Armour
 b - a +0 scale mail
 c - a +0 shield (worn)
 o - a +0 chain mail (worn)
Jewellery
 n - an uncursed amulet of harm
Scrolls
 j - 4 scrolls of blinking
 k - a scroll of amnesia
 p - 2 scrolls of teleportation
 s - a scroll of remove curse
Potions
 d - a potion of might
 h - a potion of mutation
 i - 2 potions of brilliance
 l - a potion of magic
 q - a potion of agility
 t - 2 potions of invisibility
Comestibles
 f - 10 rations
 m - 9 chunks of flesh


   Skills:
 + Level 3.9(3.4) Fighting
 * Level 3.6(3.1) Short Blades
 + Level 3.6(3.1) Armour
 + Level 3.5(3.0) Shields


You had 4 spell levels left.
You didn't know any spells.
Your spell library was empty.

Dungeon Overview and Level Annotations

Branches:
Dungeon (4/15)
 Temple: D:4-7

Altars:
Ashenzari
Zin

Annotations:
D:3 1 runed door


Innate Abilities, Weirdness & Mutations

You have a pair of small antennae on your head.
You are slightly more attuned to the shadows.
You regenerate a little health from kills.


Message History

You feel very sick.
The scorpion stings you but does no damage.
You hit the scorpion.
You kill the scorpion!
* * * LOW HITPOINT WARNING * * *
You feel sick.
* * * LOW HITPOINT WARNING * * *
You feel sick.
You see here a scorpion corpse.
* * * LOW HITPOINT WARNING * * *
You feel sick.
* * * LOW HITPOINT WARNING * * *
You feel sick.
* * * LOW HITPOINT WARNING * * *
You feel sick.
Okay, then.
* * * LOW HITPOINT WARNING * * *
You feel sick.
An adder skeleton comes into view.
You die...

#.# #.#
#.# #†#
#.######
#.......
#.######
#.# #@#
#.# #.#
#.# #.#
#.# #Z#


You could see an adder skeleton (dormant).

Vanquished Creatures
  A scorpion (D:4)
  A worker ant (D:3)
  2 hound skeletons (D:4)
  3 adders
  An ooze (D:1)
  2 dart slugs (D:2)
  2 worms (D:3)
  A leopard gecko (D:2)
  10 orcs
  5 bats
  6 giant cockroaches
  10 hobgoblins
  15 kobolds
  2 quokkas (D:3)
  9 frilled lizards
  4 goblins
  A quokka skeleton (D:4)
  5 rats
80 creatures vanquished.

Vanquished Creatures (others)
  5 toadstools (D:1)
5 creatures vanquished.

Grand Total: 85 creatures vanquished

Notes
Turn   | Place    | Note
-------+----------+-------------------------------------------
     0 | D:1      | PikkenKukken the Demonspawn Fighter began the quest for the
                  | Orb.
     0 | D:1      | Reached XP level 1. HP: 18/18 MP: 1/1
   443 | D:1      | Gained mutation: You are slightly more attuned to the
                  | shadows. [demonic ancestry]
   443 | D:1      | Reached XP level 2. HP: 14/24 MP: 2/2
   974 | D:1      | Reached XP level 3. HP: 15/29 MP: 3/3
  1946 | D:2      | Found a shattered altar of Ashenzari.
  2641 | D:3      | Gained mutation: You have a pair of small antennae on your
                  | head. [demonic ancestry]
  2641 | D:3      | Reached XP level 4. HP: 35/35 MP: 4/4
  2770 | D:3      | Found a glowing silver altar of Zin.
  3217 | D:3      | HP: 1/35 [worker ant (4)]
  3572 | D:3      | Found a runed door.
  3671 | D:3      | Gained mutation: You regenerate a little health from kills.
                  | [demonic ancestry]
  3671 | D:3      | Reached XP level 5. HP: 41/41 MP: 5/5
  4074 | D:4      | HP: 2/42 [poisoned by a scorpion]
  4076 | D:4      | Succumbed to a scorpion's poison

Vault maps used:
D:1:      ldierk_walled_garden, st_stairs_11, roderic_roman_lattice
D:2:      nicolae_ashenzari_panopticon, first_ration
D:3:      zin_academy, uniq_crazy_yiuf_cottage
D:4:      cheibrodos_thug_alley

Skill      XL: |  1  2  3  4 |
---------------+-------------+-----
Short Blades   | 2 3 |  3.6
Armour         | 3 |  3.6
Shields        | 3 |  3.5
Fighting       | |  3.9

Action                   |  1- 3 |  4- 6 || total
-------------------------+-------+-------++-------
Melee: Rapier            |   196 |   154 ||   350
  Use: Scroll            |    11 |     3 ||    14
       Potion            |       |     5 ||     5
 Stab: Sleeping          |     1 |       ||     1
  Eat: Chunk             |     5 |     5 ||    10
Armor: Scale mail        |    56 |       ||    56
       Chain mail        |    28 |    62 ||    90
Dodge: Dodged            |    35 |    30 ||    65
Block: Shield            |    75 |    53 ||   128

Table legend:
 A = Non-vault XP
 B = Vault XP
 C = Vault XP percentage of total XP
 D = Non-vault monster count
 E = Vault monster count
 F = Vault count percentage of total count
                 A         B        C        D         E       F
            +---------+---------+-------+---------+---------+-------
      Total |     318 |       5 |   1.5 |      77 |       3 |   3.8
            +---------+---------+-------+---------+---------+-------
        D:1 |      49 |       5 |   9.3 |      30 |       3 |   9.1
        D:2 |      38 |       0 |   0.0 |      13 |       0 |   0.0
        D:3 |     105 |       0 |   0.0 |      24 |       0 |   0.0
        D:4 |     126 |       0 |   0.0 |      10 |       0 |   0.0
            +---------+---------+-------+---------+---------+-------
